 Dungeon Crawl Stone Soup version 0.22-a0-181-gb22368a (webtiles) character file.

23 mhoghedin the Skirmisher (level 3, -1/31 HPs)
             Began as a Ghoul Warper on Feb 14, 2018.
             Slain by a leopard gecko (5 damage)
             ... on level 1 of the Dungeon.
             The game lasted 00:01:38 (833 turns).

mhoghedin the Skirmisher (Ghoul Warper)              Turns: 833, Time: 00:01:39

Health: -1/31      AC:  4    Str: 14    XL:     3   Next: 0%
Magic:  2/4        EV: 11    Int:  8    God:
Gold:   27         SH:  0    Dex:  9    Spells: 1/5 levels left

rFire    . . .     SeeInvis +   a - +0 mace
rCold    + . .     Gourm    .   (no shield)
rNeg     + + +     Faith    .   b - +0 leather armour
rPois    ∞         Spirit   .   (no helmet)
rElec    .         Reflect  .   (no cloak)
rCorr    .         Harm     .   k - +0 pair of gloves
MR       .....                  (no boots)
Stlth    +.........             (no amulet)
HPRegen  0.00/turn              h - ring of see invisible {sInv, !d}
MPRegen  0.09/turn              (no ring)

@: rotting
A: rotting body, claws 1, carnivore, cold resistance 1, negative energy
resistance 3, inhibited regeneration, torment resistance, unbreathing
a: no special abilities


You were on level 1 of the Dungeon.
You were not hungry.

You visited 1 branch of the dungeon, and saw 2 of its levels.

You collected 27 gold pieces.

Inventory:

Hand Weapons
 a - a +0 mace (weapon)
Missiles
 e - 8 tomahawks of dispersal {=f}
Armour
 b - a +0 leather armour (worn)
 k - a +0 pair of gloves (worn)
   (You found it on level 1 of the Dungeon)
Jewellery
 h - a ring of see invisible (left hand) {sInv, !d}
   (You found it on level 1 of the Dungeon)
Scrolls
 d - a scroll of blinking {!r}
 i - 4 scrolls of identify {unknown}
 l - a scroll of teleportation {unknown}
Potions
 g - a potion of might {unknown}
Books
 c - a book of Spatial Translocations
Comestibles
 f - 2 rations


   Skills:
 + Level 3.0 Fighting
 + Level 2.4 Maces & Flails
 - Level 0.8 Throwing
 - Level 0.8 Armour
 - Level 1.7 Dodging
 - Level 1.7 Spellcasting
 - Level 2.6 Translocations


You had one spell level left.
You knew the following spells:

 Your Spells              Type           Power        Failure   Level  Hunger
a - Shroud of Golubria    Chrm/Tloc      #.........   36%         2    ###....
b - Blink                 Tloc           N/A          22%         2    ###....


Dungeon Overview and Level Annotations

Branches:
Dungeon (2/15)

Altars:


Innate Abilities, Weirdness & Mutations

Your body is rotting away.
You thrive on raw meat.
You are immune to poison.
You have sharp fingernails.
You are carnivorous and can eat meat at any time.
Your flesh is cold resistant. (rC+)
You are immune to negative energy. (rN+++)
You do not regenerate when monsters are visible.
You are immune to unholy pain and torment.
You can survive without breathing.


Message History

Where to? (? - help)
You see here a dagger.
You open the door.
There is an open door here.
There is a stone staircase leading down here.
You climb downwards.
A leopard gecko, an adder and 4 rats come into view.
The adder hisses angrily.
The leopard gecko hisses angrily.
There is a stone staircase leading up here.
There are monsters nearby!
You closely miss the rat. The rat misses you.
A rat comes into view.
You hit the rat but do no damage. The rat barely misses you.
The rat bites you but does no damage. The rat closely misses you.
You climb upwards.
There is a stone staircase leading down here.
You hit the rat.
You kill the rat!
The rat closely misses you.
You closely miss the rat. The rat bites you.
The rat bites you but does no damage.
You take 2 damage, and have 23/25 hp.
You barely miss the rat. The rat bites you but does no damage.
You hit the rat. The rat bites you but does no damage.
You hit the rat.
You kill the rat!
You have reached level 3!
Your experience leads to an increase in your attributes!
Increase (S)trength, (I)ntelligence, or (D)exterity?
You feel agile.
You regained 5 hp, and now have 28/30 hp.
MP restored: 4 You climb downwards.
The adder bites you but does no damage. The rat completely misses you.
The rat bites you but does no damage. The leopard gecko bites you.
The adder bites you but does no damage. The rat closely misses you.
The leopard gecko completely misses you.
There is a stone staircase leading up here.
You take 3 damage, and have 25/30 hp.
The adder barely misses you. The rat bites you but does no damage.
The leopard gecko barely misses you. The adder bites you.
You climb upwards.
There is a stone staircase leading down here.
You take 4 damage, and have 21/30 hp.
You miss the adder. The adder closely misses you.
The rat bites you but does no damage.
You hit the adder but do no damage. The adder barely misses you.
The rat closely misses you. The adder closely misses you.
You miss the adder. The rat bites you but does no damage. The adder bites you.
The rat barely misses you. The adder bites you.
You take 6 damage, and have 15/30 hp.
You closely miss the adder. The adder bites you. The rat closely misses you.
You take 3 damage, and have 12/30 hp.
You hit the adder. The adder bites you but does no damage.
The rat barely misses you. The adder bites you but does no damage.
You hit the adder but do no damage. The rat bites you but does no damage.
The adder bites you but does no damage. The adder bites you. The rat bites you.
* * * LOW HITPOINT WARNING * * *
You take 3 damage, and have 9/30 hp.
Unknown command.
It was a potion of curing.
You feel better. The adder barely misses you.
The rat bites you but does no damage.
You regained 8 hp, and now have 17/31 hp.
It was a potion of heal wounds.
You feel much better. The adder bites you. The rat bites you.
You regained 12 hp, and now have 29/31 hp.
You hit the adder. The adder closely misses you. The adder bites you.
The rat closely misses you.
You take 3 damage, and have 26/31 hp.
You completely miss the adder. The adder closely misses you.
The rat bites you but does no damage. The adder closely misses you.
You hit the adder but do no damage. The rat bites you.
The adder bites you but does no damage.
You take 1 damage, and have 25/31 hp.
Your leather armour prevents you from hitting the adder.
The adder barely misses you. The rat bites you but does no damage.
The adder bites you but does no damage. The rat bites you but does no damage.
You miss the adder. The adder bites you. The rat bites you.
You take 5 damage, and have 20/31 hp.
You barely miss the adder. The adder barely misses you.
The rat bites you but does no damage. The adder bites you.
You take 4 damage, and have 16/31 hp.
You hit the adder. The adder bites you. The rat misses you.
The adder bites you. The rat bites you.
You take 5 damage, and have 11/31 hp.
Unknown command.
You hit the adder but do no damage. The adder bites you.
* * * LOW HITPOINT WARNING * * *
The rat bites you.
* * * LOW HITPOINT WARNING * * *
The adder barely misses you.
You take 7 damage, and have 4/31 hp.
MASSIVE DAMAGE!!
Okay, then.
Unknown command.
You blink.
You now have 2/4 mp.
There is an open door here.
You hit the leopard gecko. The leopard gecko bites you.
You die...

##### #...#
##############...##############
#>r..r.r.S.r.l@...............#
#r############...############.#
#.# #........# #.# #.#
#........# #.) ###.# #........#
####. ....# #........# #....
###.# #........# #.... #.#
#........# #####....
##'######## ##########
#........


You could see an adder, a leopard gecko and 2 rats.

Vanquished Creatures
  A leopard gecko (D:1)
  5 bats (D:1)
  A giant cockroach (D:1)
  A goblin (D:1)
  3 hobgoblins (D:1)
  A frilled lizard (D:1)
  4 kobolds (D:1)
  5 rats (D:1)
21 creatures vanquished.

Notes
Turn   | Place    | Note
-------+----------+-------------------------------------------
     0 | D:1      | mhoghedin the Ghoul Warper began the quest for the Orb.
     0 | D:1      | Reached XP level 1. HP: 17/17 MP: 2/2
   108 | D:1      | Reached skill level 2 in Maces & Flails
   187 | D:1      | Reached XP level 2. HP: 11/25 MP: 3/3
   532 | D:1      | Reached skill level 3 in Fighting
   723 | D:1      | Learned a level 2 spell: Blink
   726 | D:1      | Learned a level 2 spell: Shroud of Golubria
   804 | D:1      | Reached XP level 3. HP: 28/30 MP: 4/4
   824 | D:1      | HP: 6/31 [adder (5)]
   833 | D:1      | Slain by a leopard gecko

Vault maps used:
D:1:      minmay_arrival_five_plusses
D:2:      kiku_gazebo_pond_becter, uniq_robin

Skill      XL: |  1  2 |
---------------+-------+-----
Maces & Flails | 2 |  2.4
Fighting       | 3 |  3.0
Throwing       | |  0.8
Armour         | |  0.8
Dodging        | |  1.7
Spellcasting   | |  1.7
Translocations | |  2.6

Action                   || total
-------------------------++-------
Melee: Mace              ||    83
 Cast: Blink             ||     1
  Use: Potion            ||     2
  Eat: Chunk             ||     3
Armor: Leather armour    ||    62
Dodge: Dodged            ||    89

Table legend:
 A = Spawn XP
 B = Non-spawn XP
 C = Spawn XP percentage of total XP
 D = Spawn monster count
 E = Non-spawn monster count
 F = Spawn count percentage of total count
 G = Total turns spent on level
                    A         B        C        D         E        F      G
               +---------+---------+-------+---------+---------+-------+---------
         Total |       0 |      34 |   0.0 |       0 |      21 |   0.0 |   833
               +---------+---------+-------+---------+---------+-------+---------
           D:1 |       0 |      34 |   0.0 |       0 |      21 |   0.0 |   827
               +---------+---------+-------+---------+---------+-------+---------

Vault maps used:
D:1:      minmay_arrival_five_plusses
D:2:      kiku_gazebo_pond_becter, uniq_robin

Table legend:
 A = Turns spent in this place as a percentage of turns spent in the entire game.
 B = Non-inter-level travel turns spent in this place as a percentage of non-inter-level travel turns spent in the entire game.
 C = Inter-level travel turns spent in this place as a percentage of turns spent in this place.
 D = Turns resting spent in this place as a percentage of non-inter-level travel turns spent in this place.
 E = Turns spent auto-exploring this place as a percentage of non-inter-level travel turns spent in this place.
 F = Non-inter-level travel turns spent in this place divided by the number of levels of this place that you've seen.
                   A       B       C       D       E      F
               +-------+-------+-------+-------+-------+----------------------
         Total | 100.0 | 100.0 |   8.3 |  17.1 |  57.9 | 382.0
       Dungeon | 100.0 | 100.0 |   8.3 |  17.1 |  57.9 | 382.0
               +-------+-------+-------+-------+-------+----------------------

Table legend:
 A = Kills in this place as a percentage of kills in entire the game.
 B = Kills by you in this place as a percentage of kills by you in the entire game.
 C = Kills by friends in this place as a percentage of kills by friends in the entire game.
 D = Other kills in this place as a percentage of other kills in the entire game.
 E = Experience gained in this place as a percentage of experience gained in the entire game.
 F = Experience gained in this place divided by the number of levels of this place that you have seen.
                   A       B       C       D       E      F
               +-------+-------+-------+-------+-------+----------------------
         Total | 100.0 | 100.0 |   N/A |   N/A | 100.0 |  17.0
       Dungeon | 100.0 | 100.0 |   N/A |   N/A | 100.0 |  17.0
               +-------+-------+-------+-------+-------+----------------------
